[Event "Early-Titled-Tuesday-Blitz-April-23-2024"]
[Site "Chess.com"]
[Date "2024.04.23"]
[Round "3"]
[White "jbking07"]
[Black "tetrix83"]
[Result "1-0"]
[WhiteElo "2471"]
[BlackElo "2622"]
[TimeControl "180+1"]
[EndTime "8:28:58 PDT"]
[Termination "jbking07 won on time"]

1. e4 c5 2. Nf3 e6 3. d4 cxd4 4. Nxd4 a6 5. Bd3 Qc7 6. O-O Nf6 7. Qe2 d6 8. c4 Nbd7 9. Nc3 Ne5 10. f4 Nxd3 11.
Qxd3 Be7 12. b3 b6 13. Bb2 Bb7 14. f5 e5 15. Nc2 b5 16. cxb5 Qb6+ 17. Kh1 axb5 18.
Qxb5+ Qxb5 19. Nxb5 Rc8 20. Ne3 Nxe4 21. Rad1 O-O 22. Nc4 Rfd8 23. Ba3 Bh4 24. Nbxd6 Nf2+ 25. Rxf2 Bxf2 26. Rf1 Rc7 27. Rxf2 Ba6 28. h3 Bxc4 29. Nxc4 Rd1+ 30. Kh2 f6 31. Bb4 Rb7 32. a3 h5 33.
Kg3 Rb1 34. Rf3 Rd7 35. Bd6 Rc1 36. Bc5 Rdd1 37. Kh4 1-0

[Event "Early-Titled-Tuesday-Blitz-April-23-2024"]
[Site "Chess.com"]
[Date "2024.04.23"]
[Round "3"]
[White "ansko1999"]
[Black "stasOR4ik"]
[Result "1/2-1/2"]
[WhiteElo "2613"]
[BlackElo "2431"]
[TimeControl "180+1"]
[EndTime "8:28:58 PDT"]
[Termination "Game drawn by repetition"]

1. Nc3 d5 2. d4 Nf6 3. Bf4 c6 4. e3 Bf5 5. Bd3 Bg6 6. Nf3 Nbd7 7. O-O e6 8. Ne5 Nxe5 9. dxe5 Nh5 10. Ne2 Nxf4 11.
Nxf4 Qc7 12. Bxg6 hxg6 13. Nd3 c5 14. b3 c4 15. bxc4 dxc4 16. Nf4 Qxe5 17. Qf3 O-O-O 18. Rab1 Rd7 19. h3 Bd6 20. Rfd1 g5 21. Ne2 f5 22. Rd4 g4 23. Rxc4+ Kb8 24. Qc6 gxh3 25. Qxd7 Qh2+ 26. Kf1 hxg2+ 27. Ke1 Qh1+ 28. Kd2 Qxb1 29. Qxd6+ Ka8 30. Qd7 a6 31. Rc8+ Rxc8 32. Qxc8+ Ka7 33. Qc5+ Ka8 34. Qc8+ Ka7 35. Qc5+ Ka8 36. Qf8+ Ka7 37. Qxg7 Qb4+ 38. Nc3 Qd6+ 39. Ke2 Qh2 40. Qd4+ Ka8 41. Qd8+ Ka7 42. Qd4+ Ka8 43. Qd8+ Qb8 44. Qg5 Qh2 45. Qd8+ 1/2-1/2

[Event "Early-Titled-Tuesday-Blitz-April-23-2024"]
[Site "Chess.com"]
[Date "2024.04.23"]
[Round "3"]
[White "ValentinDragnev"]
[Black "ninguno46"]
[Result "0-1"]
[WhiteElo "2730"]
[BlackElo "2532"]
[TimeControl "180+1"]
[EndTime "8:28:59 PDT"]
[Termination "ninguno46 won by resignation"]

1. d4 Nf6 2. Nf3 e6 3. Bg5 h6 4. Bxf6 Qxf6 5. e4 d6 6. Nc3 a6 7.
a4 Nd7 8. Qd2 c6 9. Bd3 e5 10.
d5 c5 11. a5 g6 12. O-O Bg7 13. Qe2 O-O 14. Nd2 Qe7 15. Nc4 Nf6 16. Rab1 Nh5 17. g3 Bh3 18. Rfe1 Nf6 19. b4 cxb4 20. Rxb4 Rac8 21.
Reb1 Rc7 22. Rb6 Ne8 23. Qd2 h5 24. Ne2 h4 25. Qb4 hxg3 26. hxg3 Qg5 27. Nxd6 Qg4 28. Nc3 Nxd6 29. Rxd6 Rfc8 30. Be2 Qg5 31. Nd1 Bf8 32. Qb6 Bxd6 33. Qxd6 Rxc2 34. Bf3 Bg4 35. Bxg4 Qxg4 36. Qxe5 Rc1 37. Rxc1 Rxc1 38. Qe8+ Kg7 39. Qe5+ Kh7 40.
Kg2 Qxd1 0-1

[Event "Early-Titled-Tuesday-Blitz-April-23-2024"]
[Site "Chess.com"]
[Date "2024.04.23"]
[Round "3"]
[White "TokChess"]
[Black "Jojo_898"]
[Result "0-1"]
[WhiteElo "2607"]
[BlackElo "2444"]
[TimeControl "180+1"]
[EndTime "8:28:59 PDT"]
[Termination "Jojo_898 won by checkmate"]

1. e4 d6 2. Nf3 Nf6 3. Nc3 g6 4. Bc4 c6 5. d3 Bg7 6. a4 O-O 7. h3 d5 8. exd5 cxd5 9. Bb3 Nc6 10. O-O h6 11. Re1 Qd6 12. Nb5 Qb8 13. Nbd4 Nxd4 14. Nxd4 e5 15. Nf3 Re8 16. Bd2 Bf5 17. Bc3 d4 18. Bb4 Qc7 19. a5 a6 20. Ba4 Re6 21.
Bb3 Ree8 22. Nd2 Be6 23. Bxe6 Rxe6 24. Nc4 e4 25. Nb6 Rae8 26. dxe4 Nxe4 27. Qd3 Qf4 28. Rf1 Be5 29. g3 Qf5 30. Rae1 Bg7 31. Kg2 Qh5 32. Qf3 Qb5 33. c3 Nd2 34. Rxe6 Qxf1+ 35. Kh2 Nxf3# 0-1

[Event "Early-Titled-Tuesday-Blitz-April-23-2024"]
[Site "Chess.com"]
[Date "2024.04.23"]
[Round "3"]
[White "DanielDardha2005"]
[Black "hakanazeri2"]
[Result "1-0"]
[WhiteElo "2866"]
[BlackElo "2540"]
[TimeControl "180+1"]
[EndTime "8:29:00 PDT"]
[Termination "DanielDardha2005 won by checkmate"]

1. d4 Nf6 2. Bg5 e6 3. e4 h6 4. Bxf6 Qxf6 5. e5 Qd8 6. Qg4 c5 7. dxc5 Nc6 8. Nf3 g6 9. Nc3 Bxc5 10. O-O-O Be7 11. h4 Qa5 12. Qf4 Bb4 13. Ne4 Qxa2 14. Nf6+ Kf8 15. c3 Qa1+ 16. Kc2 Qa4+ 17. Kc1 Qa1+ 18. Kc2 Qa4+ 19. b3 Qa2+ 20. Kd3 Qxb3 21. Rc1 b6 22. Qc4 Qa3 23. Kc2 Be7 24. Bd3 Na5 25. Qd4 Qa2+ 26. Kd1 Nb3 27. Qf4 Bb7 28. Bxg6 Bxf3+ 29. gxf3 Bxf6 30. Bc2 Nxc1 31. exf6 Nb3 32. Qd6+ Kg8 33. Rg1# 1-0

[Event "Early-Titled-Tuesday-Blitz-April-23-2024"]
[Site "Chess.com"]
[Date "2024.04.23"]
[Round "3"]
[White "Let_it_be_1"]
[Black "Silvederione"]
[Result "0-1"]
[WhiteElo "2639"]
[BlackElo "2488"]
[TimeControl "180+1"]
[EndTime "8:29:00 PDT"]
[Termination "Silvederione won by resignation"]

1. e4 c5 2. Nf3 Nc6 3. d4 cxd4 4.
Nxd4 g6 5. c4 Bg7 6. Be3 Qb6 7.
Nb3 Qd8 8. Nc3 Bxc3+ 9. bxc3 Nf6 10. f3 d6 11. Be2 O-O 12. O-O b6 13. Qd2 Ba6 14.
Rfd1 Qc7 15. c5 Bxe2 16. cxd6 Qxd6 17. Qxe2 Qc7 18. Rac1 Rac8 19. Nd4 Rfd8 20. Qf2 Ne5 21. Bf4 Nh5 22. Bg5 Nc4 23. Qh4 f6 24. Bh6 e5 25. Nf5 Rxd1+ 26. Rxd1 Rd8 27. Re1 Nd6 28.
g4 gxf5 29. Qxh5 fxe4 30. g5 Qf7 31. Qh4 Qg6 32. Kf2 Nf5 33. Qh3 Nxh6 34. gxh6 Rd2+ 35.
Re2 e3+ 36. Kxe3 Qd3+ 0-1

[Event "Early-Titled-Tuesday-Blitz-April-23-2024"]
[Site "Chess.com"]
[Date "2024.04.23"]
[Round "3"]
[White "SHIVACalypso"]
[Black "Navyblue1"]
[Result "1-0"]
[WhiteElo "2437"]
[BlackElo "2229"]
[TimeControl "180+1"]
[EndTime "8:29:00 PDT"]
[Termination "SHIVACalypso won on time"]

1. d4 Nf6 2. c4 g6 3. Nf3 Bg7 4. g3 O-O 5. Bg2 d6 6. O-O c6 7. Nc3 Qb6 8. b3 e5 9. Bb2 e4 10. Ne1 Re8 11. Nc2 Bg4 12. Ne3 Bd7 13. Ba3 d5 14. cxd5 cxd5 15. Bc5 Qe6 16. Rc1 Bc6 17. Ba3 Nbd7 18. b4 a6 19. Qb3 b5 20. Bb2 Nb6 21. Rc2 Nc4 22. Rfc1 h5 23. Ncd1 h4 24. Nxc4 dxc4 25.
Qe3 Ng4 26. Qg5 hxg3 27. hxg3 Bh6 28. Qc5 Bxc1 29. Rxc1 Bd5 30. Bh3 Rac8 31. Bxg4 Qxg4 32. Qxd5 Qxe2 33. Bc3 Rcd8 34. Qg5 Qf3 35. Ne3 Qh5 36. Qxh5 gxh5 37. d5 Kh7 38. Rd1 Kg6 39. Kg2 f5 40. Kf1 Rd7 41. Ng2 Red8 42. Nf4+ Kf7 43. Ke2 Rh8 44. Rh1 Rh7 45. Ke3 h4 46. gxh4 Ra7 47.
h5 a5 48. bxa5 Rb7 49. a3 Rc7 50. Rg1 Ke7 51. Rg6 Rd7 52. Re6+ Kf7 53. Rb6 Rg7 54. h6 Rh7 55. a6 1-0

[Event "Early-Titled-Tuesday-Blitz-April-23-2024"]
[Site "Chess.com"]
[Date "2024.04.23"]
[Round "3"]
[White "Sandstad"]
[Black "RandomNoob04"]
[Result "1/2-1/2"]
[WhiteElo "2488"]
[BlackElo "2653"]
[TimeControl "180+1"]
[EndTime "8:29:01 PDT"]
[Termination "Game drawn by agreement"]

1. d4 Nf6 2. c4 c5 3. d5 b5 4.
cxb5 a6 5. e3 axb5 6. Bxb5 Qa5+ 7.
Nc3 Bb7 8. Bd2 Qb6 9. a4 Nxd5 10.
Nf3 e6 11. e4 Nb4 12. O-O Be7 13.
Bf4 O-O 14. Ne5 Qd8 15. Nxd7 Nxd7 16. Qxd7 Qxd7 17. Bxd7 c4 18. Bb5 Rfc8 19. Be3 Nd3 20. Rab1 Bf6 21. f3 Ba6 22. Rfd1 Nxb2 23. Rxb2 Bxc3 24.
Rc2 Bf6 25. Kf2 Kf8 26. Ke2 Ke7 27. Bd4 Bxd4 28. Rxd4 Bxb5 29. axb5 Ra4 30. b6 Rb4 31. b7 Rxb7 32. Rdxc4 Rxc4 33. Rxc4 Rb2+ 34. Kf1 Kd6 35. Kg1 h5 36. h4 g6 37. Kh2 Ke5 38.
Kg3 f5 39. exf5 gxf5 40. Rc8 Kf6 41. Rh8 Kg6 42. Re8 Kf7 43. Rh8 Kg6 44. Rg8+ 1/2-1/2

[Event "Early-Titled-Tuesday-Blitz-April-23-2024"]
[Site "Chess.com"]
[Date "2024.04.23"]
[Round "3"]
[White "viviania"]
[Black "Jakhongir-Vakhidov"]
[Result "1-0"]
[WhiteElo "2909"]
[BlackElo "2672"]
[TimeControl "180+1"]
[EndTime "8:29:02 PDT"]
[Termination "viviania won by resignation"]

1. Nf3 c5 2. g3 g6 3. c3 Bg7 4. d4 cxd4 5. cxd4 Nf6 6. Nc3 d5 7. Bg2 O-O 8. Ne5 Ne4 9. Nxe4 dxe4 10. Bxe4 Nc6 11. Nxc6 bxc6 12. O-O Qxd4 13. Qxd4 Bxd4 14.
Be3 Bxe3 15. fxe3 Rb8 16. b3 Ba6 17. Rfc1 Bxe2 18. Rxc6 Rfc8 19. Rac1 Rxc6 20. Rxc6 Kf8 21. Rc7 a6 22. Kf2 Bb5 23. Ra7 Rb6 24. a4 Be8 25. Ra8 e6 26. a5 Rd6 27. Bb7 Ke7 28.
Bxa6 Rd2+ 29. Ke1 Rb2 30. Bc4 Bc6 31. Ra7+ Kf6 32. a6 Ra2 33. Rc7 Bf3 34. a7 Ke5 35.
Rxf7 Ke4 36. Bxe6 Kxe3 37. Rxf3+ Kxf3 38. a8=Q+ 1-0

[Event "Early-Titled-Tuesday-Blitz-April-23-2024"]
[Site "Chess.com"]
[Date "2024.04.23"]
[Round "3"]
[White "vasblesk"]
[Black "lupta_robin"]
[Result "1-0"]
[WhiteElo "2807"]
[BlackElo "2567"]
[TimeControl "180+1"]
[EndTime "8:29:02 PDT"]
[Termination "vasblesk won by resignation"]

1. c4 e5 2. Nc3 Bb4 3. g3 Bxc3 4. bxc3 Nf6 5. Bg2 O-O 6. d3 c6 7. Bg5 h6 8. Bxf6 Qxf6 9. Qd2 Na6 10. Nf3 d5 11.
cxd5 cxd5 12. O-O Rd8 13. d4 e4 14. Ne1 Nc7 15. f3 Qe7 16. Nc2 exf3 17. exf3 Nb5 18. Ne3 a5 19. a4 Nc7 20. f4 Ra6 21. Rfe1 Qd6 22. Qd3 Rb6 23. c4 Rb2 24. cxd5 b6 25. Qc3 Rxg2+ 26. Kxg2 Bb7 27. Kf2 Nxd5 28. Qb3 Nf6 29.
Rad1 Qd7 30. Qxb6 Ne4+ 31. Kg1 Nc3 32. Rd3 Nd5 33. Qxa5 Nxe3 34. Rdxe3 Qxd4 35. Qxd8+ Qxd8 36. Re8+ Qxe8 37. Rxe8+ Kh7 38. Rb8 1-0

[Event "Early-Titled-Tuesday-Blitz-April-23-2024"]
[Site "Chess.com"]
[Date "2024.04.23"]
[Round "3"]
[White "David_George21"]
[Black "RebelJohnny"]
[Result "0-1"]
[WhiteElo "2316"]
[BlackElo "2595"]
[TimeControl "180+1"]
[EndTime "8:29:03 PDT"]
[Termination "RebelJohnny won by resignation"]

1. e4 c5 2. Nc3 d6 3. f4 g6 4.
Nf3 Bg7 5. Bc4 Nc6 6. O-O Nf6 7. d3 O-O 8. a3 Bg4 9. h3 Bxf3 10. Qxf3 Nd4 11. Qf2 e6 12. g4 Rb8 13. a4 a6 14. a5 Nc6 15. f5 d5 16. Bb3 exf5 17. g5 Nh5 18. Bxd5 Bd4 19. Be3 f4 20. Bxd4 cxd4 21.
Ne2 Qxg5+ 22. Kh2 Nb4 23. Bb3 Rbc8 24. Nxd4 Rfd8 25. Rg1 Qg3+ 26. Rxg3 fxg3+ 27. Qxg3 Nxg3 28. c3 Nxd3 29. Kxg3 Nxb2 30. Ne2 Rd2 31. Kf2 Rxc3 32.
Rf1 Rxb3 33. Ke1 Rd1+ 34. Kf2 Rxf1+ 35. Kxf1 Nd3 36. Nd4 Ra3 37. Nc2 Ne5 38. Nd4 Rxa5 0-1

[Event "Early-Titled-Tuesday-Blitz-April-23-2024"]
[Site "Chess.com"]
[Date "2024.04.23"]
[Round "3"]
[White "M1711"]
[Black "KVAIDAN"]
[Result "1-0"]
[WhiteElo "2689"]
[BlackElo "2378"]
[TimeControl "180+1"]
[EndTime "8:29:03 PDT"]
[Termination "M1711 won by resignation"]

1. e4 e5 2. Nc3 d5 3. Nxd5 f5 4.
Nc3 Nf6 5. exf5 Bxf5 6. Bc4 Nc6 7. d3 Qd7 8. Bg5 O-O-O 9. Nge2 h6 10. Bxf6 gxf6 11.
Qd2 h5 12. f4 Bh6 13. O-O-O Bg4 14. h3 Bxe2 15. Nxe2 Nd4 16. Kb1 Nxe2 17. Qxe2 Bxf4 18. Qf3 Qc6 19. Qxc6 bxc6 20. c3 c5 21. Kc2 Rh7 22. Rde1 Rd6 23. Rhf1 Rg7 24. Re2 Rg3 25. Rf3 Rg5 26.
Bf7 Kd7 27. h4 Rg4 28. Bxh5 Rxh4 29. Bg6 Rh2 30. Bf5+ Kd8 31. Rh3 Ke7 32. Rxh2 Bxh2 33.
g4 Bf4 34. Re1 Rd8 35. Rh1 Bg5 36. Rh7+ Kd6 37. a4 a5 38. Kb3 Kc6 39. Kc4 Rb8 40.
b3 Rd8 41. Re7 Kb6 42. Re6+ Rd6 43. Re8 Kb7 44. Be4+ c6 45. Kxc5 Rd7 46. Bxc6+ Kc7 47. Bxd7 Be3+ 48. Kd5 Kxd7 49. Ra8 Bd2 50. Kc4 Ke6 51.
Rxa5 1-0

[Event "Early-Titled-Tuesday-Blitz-April-23-2024"]
[Site "Chess.com"]
[Date "2024.04.23"]
[Round "3"]
[White "dealshark"]
[Black "whiteglovethief"]
[Result "0-1"]
[WhiteElo "2318"]
[BlackElo "2585"]
[TimeControl "180+1"]
[EndTime "8:29:03 PDT"]
[Termination "whiteglovethief won on time"]

1. e4 e6 2. d4 d5 3. exd5 exd5 4. Bd3 Bd6 5. Ne2 Ne7 6. O-O O-O 7. Bf4 c6 8. Bxd6 Qxd6 9. Ng3 Nd7 10. Nd2 Nf6 11. h3 Ng6 12. Nf3 Bd7 13. c3 Rfe8 14. Re1 Nf4 15.
Bf5 g6 16. Bxd7 Qxd7 17. Ne5 Qd6 18. Qf3 g5 19. Nf5 Qf8 20. Kh2 Ne4 21. Nd7 Nd2 22. Qg4 Rxe1 23. Nxf8 Nf1+ 24. Kg1 Rxa1 25. Qxg5+ Kxf8 26. Qe7+ Kg8 27. Qg5+ Ng6 28. Ne7+ Kf8 29. Nxg6+ hxg6 30. Qh6+ Kg8 31. Qg5 Re8 32. g3 Re2 33. Kg2 Rxb2 34.
h4 Raxa2 35. Kxf1 Rxf2+ 36. Kg1 Rfb2 0-1

[Event "Early-Titled-Tuesday-Blitz-April-23-2024"]
[Site "Chess.com"]
[Date "2024.04.23"]
[Round "3"]
[White "N_I_Chess"]
[Black "Ramu_K_FM_FT"]
[Result "1-0"]
[WhiteElo "2398"]
[BlackElo "2131"]
[TimeControl "180+1"]
[EndTime "8:29:04 PDT"]
[Termination "N_I_Chess won by resignation"]

1. d4 Nf6 2. c4 d6 3. Nc3 g6 4. e4 Bg7 5. f4 O-O 6. Nf3 c5 7. d5 e6 8. Be2 exd5 9. cxd5 Nbd7 10. e5 dxe5 11. fxe5 Ng4 12. Bg5 Qe8 13. O-O Ngxe5 14.
Nb5 Nxf3+ 15. Bxf3 Rb8 16. d6 Nf6 17. Nc7 Qd7 18.
Qd2 Rd8 19. Rad1 h6 20. Bxh6 Bxh6 21. Qxh6 Rf8 22. Qh4 Nh7 23. Bd5 Kg7 24. Rd3 Qxd6 25. Bc4 Qxc7 26. Rdf3 Bf5 27. g4 Be6 28. Rh3 Rh8 29.
Qh6+ Kg8 30. Bxe6 fxe6 31. Qxg6+ Qg7 32. Qxe6+ 1-0

[Event "Early-Titled-Tuesday-Blitz-April-23-2024"]
[Site "Chess.com"]
[Date "2024.04.23"]
[Round "3"]
[White "kidagent"]
[Black "dianamirza"]
[Result "0-1"]
[WhiteElo "2336"]
[BlackElo "1982"]
[TimeControl "180+1"]
[EndTime "8:29:06 PDT"]
[Termination "dianamirza won by checkmate"]

1. c4 c5 2. g3 Nc6 3. Bg2 g6 4. Nc3 Bg7 5. d3 e6 6. e4 Nge7 7. Nge2 O-O 8. a3 Rb8 9. Rb1 a6 10. b4 cxb4 11. axb4 b5 12. cxb5 axb5 13. O-O Bb7 14.
Nxb5 Nxb4 15. Rxb4 Ba6 16. Qa4 Qb6 17. Be3 Bxb5 18.
Bxb6 Bxa4 19. Bc5 Rxb4 20. Bxb4 Re8 21. f4 Nc6 22. Bc5 Bb5 23. Rd1 Ra8 24. e5 Ra2 25.
Nc3 Rc2 26. Nxb5 Rxc5 27. Nd6 Nd4 28. Rb1 Bf8 29. Ne4 Rc1+ 30. Rxc1 Ne2+ 31. Kf2 Nxc1 32.
Ke3 Kg7 33. d4 Be7 34. Bf1 f5 35. Nc5 Bxc5 36. dxc5 Nb3 37. Bc4 Nxc5 38. Kd4 Nb7 39. Bb5 d6 40. Bc6 dxe5+ 41. Kxe5 Nd8 42. Bd7 Kf7 43. Bc8 Ke7 44. Ba6 Nc6# 0-1

[Event "Early-Titled-Tuesday-Blitz-April-23-2024"]
[Site "Chess.com"]
[Date "2024.04.23"]
[Round "3"]
[White "Heinza9"]
[Black "FoxOnTheRun97"]
[Result "0-1"]
[WhiteElo "2317"]
[BlackElo "2579"]
[TimeControl "180+1"]
[EndTime "8:29:07 PDT"]
[Termination "FoxOnTheRun97 won on time"]

1. e4 c6 2. d4 d5 3. exd5 cxd5 4. c4 Nf6 5. Nc3 g6 6. cxd5 Bg7 7. Bb5+ Nbd7 8.
Nge2 O-O 9. O-O a6 10. Bd3 b5 11.
d6 exd6 12. Bf4 Nb6 13. d5 Bb7 14. Bg5 h6 15. Bxf6 Qxf6 16. Ne4 Qxb2 17. Rb1 Qxa2 18. Nxd6 Qxd5 19. Nxb7 Qxb7 20. f3 Nd5 21. Qb3 Qb6+ 22. Kh1 Rad8 23. Be4 Nf6 24. Bxg6 Ng4 25. fxg4 Qxg6 26.
h3 Rd2 27. Nf4 Qc6 28. Qe3 Qc3 29. Qe4 Qc4 30. Qf5 b4 31. Rbc1 Qb5 32. Qxb5 axb5 33. Rc5 b3 34. Rxb5 b2 35. Nd5 Ra8 36. Ne7+ Kh8 37.
Rxf7 Ra1+ 38. Kh2 b1=Q 39. Rxb1 Rxb1 40. Kg3 Rbb2 0-1

[Event "Early-Titled-Tuesday-Blitz-April-23-2024"]
[Site "Chess.com"]
[Date "2024.04.23"]
[Round "3"]
[White "Ariadna_Atreides"]
[Black "NigiriSushies"]
[Result "0-1"]
[WhiteElo "2235"]
[BlackElo "2440"]
[TimeControl "180+1"]
[EndTime "8:29:08 PDT"]
[Termination "NigiriSushies won on time"]

1. d4 b6 2. Nd2 Bb7 3. e4 d6 4. f3 g6 5. Bb5+ Nd7 6. Ne2 Bg7 7. c3 a6 8. Bd3 e6 9. O-O Ne7 10. a4 O-O 11. a5 b5 12. b4 c5 13. Bb2 Rc8 14.
Rc1 Nc6 15. Bb1 cxb4 16. d5 exd5 17. exd5 bxc3 18. Nxc3 Nxa5 19. Nde4 Nc4 20. Ba1 Ne3 21. Qb3 Nc5 22. Nxc5 Rxc5 23. Rfe1 Nxd5 24. Nxd5 Bxd5 25. Qa3 Rxc1 26. Rxc1 Qb6+ 27. Kh1 Bxa1 28. Qxa1 a5 29. Rd1 Bb3 30. Rc1 a4 31. h4 Qe3 32. Bc2 Rc8 33. Qb2 Rxc2 34. Rxc2 Qe1+ 35. Kh2 Qxh4+ 36. Kg1 Bxc2 37.
Qxc2 Qd4+ 38. Kh2 a3 39. Qc8+ Kg7 40. Qa8 b4 41. Qa6 Qe5+ 42. Kg1 Qa1+ 43. Kf2 a2 44. Qa7 Qb2+ 45. Kg3 a1=Q 0-1

[Event "Early-Titled-Tuesday-Blitz-April-23-2024"]
[Site "Chess.com"]
[Date "2024.04.23"]
[Round "3"]
[White "Sam_ChessMood"]
[Black "Incognito_Knight"]
[Result "1-0"]
[WhiteElo "2962"]
[BlackElo "2731"]
[TimeControl "180+1"]
[EndTime "8:29:09 PDT"]
[Termination "Sam_ChessMood won on time"]

1. d4 d5 2. c4 e6 3. Nf3 a6 4. cxd5 exd5 5. Nc3 c6 6. e4 dxe4 7. Ng5 Be7 8. Bc4 Nh6 9. Ngxe4 Nf5 10. d5 O-O 11. O-O cxd5 12. Nxd5 Nc6 13. Qh5 g6 14. Qd1 Be6 15. Re1 Bxd5 16. Bxd5 Nb4 17. Bb3 Qxd1 18.
Rxd1 Rfd8 19. Bf4 Nd4 20. Bc7 Rd7 21. Bb6 Nbc6 22. Ba4 f5 23. Nc3 Bf6 24. Kf1 Rc8 25. Rd3 Ne5 26. Bxd7 Nxd3 27. Bxc8 Nxb2 28. Bxb7 Nc2 29.
Rc1 Nb4 30. Nd5 Nxd5 31. Bxd5+ Kg7 32. Rc7+ Kh6 33. Be3+ g5 34. h4 f4 35. hxg5+ Kxg5 36. Bc5 Nd3 37. Be7 Ne5 38. Bxf6+ Kxf6 39. Be4 1-0

[Event "Early-Titled-Tuesday-Blitz-April-23-2024"]
[Site "Chess.com"]
[Date "2024.04.23"]
[Round "3"]
[White "FGHSMN"]
[Black "luckyswitchback"]
[Result "0-1"]
[WhiteElo "2916"]
[BlackElo "2718"]
[TimeControl "180+1"]
[EndTime "8:29:10 PDT"]
[Termination "luckyswitchback won by checkmate"]

1. e4 e5 2. Nf3 Nc6 3. Bc4 Nf6 4. d3 Bc5 5. O-O O-O 6. h3 a6 7. a4 h6 8. Re1 d5 9. exd5 Nxd5 10. Nc3 Nxc3 11. bxc3 Qf6 12. Bd5 Bd7 13. Be3 Bd6 14. c4 b6 15. Nd2 Qg6 16. Qf3 Bb4 17. Kh1 Rae8 18. Re2 Kh7 19. Rb1 f5 20. h4 Bxd2 21.
Rxd2 Ne7 22. h5 Qf6 23. d4 e4 24. Qf4 Nxd5 25. cxd5 Rc8 26. a5 b5 27. g3 Rfd8 28.
Qe5 Be8 29. Qxf6 gxf6 30. Kg2 Rxd5 31. c3 Bxh5 32. Kg1 Bf3 33. Rc1 f4 34. Bxf4 Rh5 35. g4 Rh1# 0-1

[Event "Early-Titled-Tuesday-Blitz-April-23-2024"]
[Site "Chess.com"]
[Date "2024.04.23"]
[Round "3"]
[White "Aslanov_Umid"]
[Black "zsizsi99"]
[Result "1-0"]
[WhiteElo "2645"]
[BlackElo "2467"]
[TimeControl "180+1"]
[EndTime "8:29:10 PDT"]
[Termination "Aslanov_Umid won on time"]

1. e4 c5 2. Nf3 Nc6 3. d4 cxd4 4.
Nxd4 e5 5. Nb5 d6 6. c4 a6 7.
N5a3 Nf6 8. Nc3 g6 9. Nc2 Bg7 10. Bd3 Bg4 11. f3 Be6 12. O-O O-O 13. Be3 Nh5 14.
Nd5 Bxd5 15. cxd5 Nd4 16. Nxd4 exd4 17. Bd2 f5 18. a4 fxe4 19. fxe4 Qh4 20. Qe1 Rxf1+ 21.
Bxf1 Qf6 22. Bd3 Nf4 23. Qf1 Rf8 24. Bxf4 Qxf4 25. Qxf4 Rxf4 26. Rf1 Bh6 27. b4 Rxf1+ 28. Kxf1 Bd2 29. b5 axb5 30. Bxb5 Kf7 31. Ke2 Ba5 32. Bd7 b6 33. Kd3 Bc3 34. Kc4 Kf6 35. Kb5 Ba5 36.
Kc4 Ke5 37. Kd3 Be1 38. Be6 g5 39. Bf5 h5 40. h3 Bc3 41. Kc4 Kf4 42. Bg6 h4 43.
Kb5 1-0

[Event "Early-Titled-Tuesday-Blitz-April-23-2024"]
[Site "Chess.com"]
[Date "2024.04.23"]
[Round "3"]
[White "eljanov"]
[Black "AljoschaFeuerstack"]
[Result "1-0"]
[WhiteElo "2896"]
[BlackElo "2614"]
[TimeControl "180+1"]
[EndTime "8:29:11 PDT"]
[Termination "eljanov won by resignation"]

1. d4 d5 2. Bf4 Nf6 3. e3 c5 4. Nf3 cxd4 5. exd4 Bg4 6. c3 Nc6 7. Qb3 Qc8 8. Nbd2 e6 9. Bd3 Nh5 10. Be3 Bd6 11. h3 Bxf3 12. Nxf3 Nf4 13. Bf1 O-O 14. g3 Ng6 15. h4 Re8 16. h5 Nf8 17. Bd3 h6 18. O-O Nd7 19. Kg2 Nf6 20. Rh1 e5 21.
dxe5 Nxe5 22. Nxe5 Rxe5 23. Bf4 Re6 24. Bf5 Bxf4 25.
gxf4 Qc6 26. Bxe6 fxe6 27. Qd1 Rf8 28. Qf3 Ne4 29. Rh4 Ng5 30. Qd3 d4+ 31. f3 Nh7 32. Qxd4 Nf6 33. Re1 Nd5 34. Re2 Qd6 35. Kg3 Qc6 36. Qe4 Rf6 37. c4 Nb4 38. Qxc6 Nxc6 39. Rd2 Rf7 40. Rd6 Re7 41. Rg4 Kf7 42. a3 Rc7 43. f5 Ne7 44. fxe6+ Kf6 45. Rf4+ Nf5+ 46. Kg4 Rc5 47. Rd5 1-0

[Event "Early-Titled-Tuesday-Blitz-April-23-2024"]
[Site "Chess.com"]
[Date "2024.04.23"]
[Round "3"]
[White "AlexanderKing"]
[Black "RianKapriaga"]
[Result "1-0"]
[WhiteElo "2589"]
[BlackElo "2299"]
[TimeControl "180+1"]
[EndTime "8:29:11 PDT"]
[Termination "AlexanderKing won on time"]

1. g3 d5 2. Nf3 Nc6 3. d4 Nf6 4. Bg2 Bf5 5. c4 e6 6. O-O h6 7. Nc3 Bd6 8. Nh4 Be4 9. f3 Bh7 10. cxd5 exd5 11. e4 Bb4 12. e5 Ng8 13. f4 Nge7 14.
f5 Bxc3 15. bxc3 Qd7 16. Qh5 g6 17. Qxh6 Nxf5 18. Nxf5 gxf5 19. Bg5 Qe6 20. Bf6 Kd7 21. c4 Nxd4 22. cxd5 Qb6 23. e6+ Nxe6+ 24. Kh1 Nd4 25. Qg7 Bg6 26. Bxd4 Qd6 27. Qxh8 Rxh8 28. Bxh8 a6 29. a4 b6 30. Rae1 Qb4 31. Ra1 Qc4 32. Bf6 f4 33. gxf4 Be4 34. Rfc1 1-0

[Event "Early-Titled-Tuesday-Blitz-April-23-2024"]
[Site "Chess.com"]
[Date "2024.04.23"]
[Round "3"]
[White "ural58"]
[Black "BozeKat"]
[Result "1-0"]
[WhiteElo "2561"]
[BlackElo "2098"]
[TimeControl "180+1"]
[EndTime "8:29:11 PDT"]
[Termination "ural58 won on time"]

1. e4 c5 2. b3 a6 3. d4 cxd4 4. Qxd4 Nc6 5. Qd2 Nf6 6. Nc3 e6 7. Bb2 Bb4 8. f3 d5 9. a3 Bxc3 10. Bxc3 dxe4 11. Qxd8+ Nxd8 12. fxe4 Nxe4 13. Bxg7 Rg8 14.
Bb2 b5 15. Nf3 Bb7 16. a4 b4 17. a5 Rc8 18. Rc1 Nc3 19. Kf2 Na2 20. Bd3 Nxc1 21. Rxc1 h6 22. g3 f5 23. Ne5 Nc6 24. Nc4 Ke7 25.
Re1 Rgf8 26. Bc1 Rf6 27. Be3 Nd8 28. Bd4 Rg6 29. Bxf5 Rg5 30. Bd3 Bd5 31. Nb6 Ra8 32. Nxa8 Bxa8 33. Bxa6 Rxa5 34. Bc4 Ra2 35. Re2 Nc6 36.
Bc5+ Kd7 37. Bxe6+ Kc7 38. Bd5 Bb7 39. Bxc6 Bxc6 40.
Bxb4 Bb5 41. c4 Bc6 42. Rxa2 1-0

[Event "Early-Titled-Tuesday-Blitz-April-23-2024"]
[Site "Chess.com"]
[Date "2024.04.23"]
[Round "3"]
[White "Firouzja2003"]
[Black "GMG"]
[Result "1-0"]
[WhiteElo "3061"]
[BlackElo "2773"]
[TimeControl "180+1"]
[EndTime "8:29:12 PDT"]
[Termination "Firouzja2003 won on time"]

1. e4 c5 2. Nf3 Nc6 3. Bb5 e6 4.
Bxc6 bxc6 5. d3 Ne7 6. h4 h5 7. Nbd2 Ng6 8. e5 f6 9. Nc4 Ba6 10. Qe2 Bxc4 11. dxc4 Nxe5 12. Nxe5 fxe5 13. Qxe5 Qf6 14.
Qe2 Be7 15. c3 Qf5 16. Be3 O-O 17. O-O-O d5 18. g3 Rab8 19. Bf4 Rbd8 20. Rhe1 Bd6 21. Bg5 Rde8 22. Be3 Qg4 23. Qxg4 hxg4 24. h5 Rf5 25. Rh1 Be7 26. Kc2 Kh7 27. a3 Ref8 28. b4 cxb4 29. axb4 R8f7 30. cxd5 cxd5 31. Ra1 Bg5 32. Rxa7 Bxe3 33.
Rxf7 Rxf7 34. fxe3 Kh6 35. Kd3 Kg5 36. b5 Rb7 37.
Rb1 e5 38. e4 dxe4+ 39. Kxe4 Kxh5 40. Kf5 g6+ 41. Kf6 Rb6+ 42. Kxe5 Kg5 43. c4 Rb7 44. b6 Rb8 45. c5 Re8+ 46. Kd6 1-0

[Event "Early-Titled-Tuesday-Blitz-April-23-2024"]
[Site "Chess.com"]
[Date "2024.04.23"]
[Round "3"]
[White "mbojan"]
[Black "jk13"]
[Result "1-0"]
[WhiteElo "2913"]
[BlackElo "2674"]
[TimeControl "180+1"]
[EndTime "8:29:13 PDT"]
[Termination "mbojan won by resignation"]

1. a3 d5 2. e3 c6 3. d4 Bf5 4. c4 e6 5. Nc3 Nf6 6. Bd3 Bxd3 7. Qxd3 Nbd7 8. Nf3 Bd6 9. O-O O-O 10. e4 dxc4 11. Qxc4 e5 12. Bg5 h6 13. Bh4 Re8 14. Rad1 Qe7 15.
d5 g5 16. Bg3 Nb6 17. Qe2 cxd5 18. exd5 Rad8 19. Rfe1 e4 20. Bxd6 Qxd6 21. Nd4 Qe5 22. Qb5 Nbxd5 23. Qxb7 Rb8 24. Qxa7 Rxb2 25. Nxd5 Qxd5 26.
Nc2 Qf5 27. Re2 Qb5 28. Nd4 Qb6 29. Qxb6 Rxb6 30. Nf5 Kh7 31. Nd6 Ra8 32. h3 Rxa3 33. Nxf7 Ra5 34. Nd6 Re5 35. Nc4 Rbe6 36. Nxe5 Rxe5 37.
Rde1 Kg6 38. Ra1 Re6 39. Ra5 Nh5 40. Ra4 Nf6 41. Kh2 Rd6 42. Rea2 Rd3 43. Ra6 Rd5 44. Re2 Re5 45. Re3 Kf5 46. f3 exf3 47. Rxf3+ Kg6 1-0